 Dungeon Crawl Stone Soup version 0.28-a0-843-gb979743d38 (webtiles) character file.

Game seed: 17897733435022033223

261 Nixze the Conjurer (level 5, 0/28 HPs)
             Began as a Deep Elf Hedge Wizard on Nov 12, 2021.
             Slain by an iguana (6 damage)
             ... on level 4 of the Dungeon.
             The game lasted 00:08:37 (3762 turns).

Nixze the Conjurer (Deep Elf Hedge Wizard)          Turns: 3762, Time: 00:08:39

Health: 0/28       AC:  6    Str:  2    XL:     5   Next: 96%
Magic:  5/13       EV: 11    Int: 26    God:
Gold:   82         SH:  0    Dex: 14    Spells: 10/12 levels left

rFire   . . .      SeeInvis +   a - +0 dagger (elec)
rCold   + . .      Faith    .   (no shield)
rNeg    + + +      Spirit   .   o - +3 leather armour {rC+}
rPois   .          Reflect  .   c - +0 hat
rElec   .          Harm     .   (no cloak)
rCorr   +          Rampage  .   (no gloves)
Will    .....                   (no boots)
Stlth   ++........              (no amulet)
HPRegen 0.09/turn               h - ring "Inlui" {rN+++ rCorr Str-5 Int+6 SInv}
MPRegen 0.13/turn               (no ring)

@: no status effects
A: no striking features
a: no special abilities


You were on level 4 of the Dungeon.
You visited 1 branch of the dungeon, and saw 4 of its levels.

You collected 202 gold pieces.
You spent 120 gold pieces at shops.

Inventory:

Hand Weapons
 a - a +0 dagger of electrocution (weapon)
 b - a +0 hunting sling
 n - a +0 spear
Missiles
 i - 81 stones
 k - 9 poisoned darts
 p - 10 sling bullets
Armour
 c - a +0 hat (worn)
 o - a +3 leather armour of cold resistance (worn)
Jewellery
 h - the ring "Inlui" (left hand) {rN+++ rCorr Str-5 Int+6 SInv}
   (You found it on level 4 of the Dungeon)

   [ring of intelligence]

   Str:       It affects your strength (-5).
   Int:       It affects your intelligence (+6).
   rN:        It renders you almost immune to negative energy.
   SInv:      It lets you see invisible.
   rCorr:     It protects you from acid and corrosion.
Scrolls
 d - a scroll of amnesia {unknown}
 f - a scroll of immolation {unknown}
 j - 5 scrolls of identify {unknown}
Potions
 e - a potion of heal wounds {unknown}
 g - a potion of curing
 l - a potion of invisibility
 m - 2 potions of resistance


   Skills:
 - Level 2.4 Dodging
 - Level 2.4 Stealth
 - Level 4.4 Spellcasting
 + Level 6.6 Conjurations
 - Level 1.1 Summonings
 - Level 1.1 Translocations


You had 10 spell levels left.
You knew the following spells:

 Your Spells              Type           Power      Damage    Failure   Level
a - Magic Dart            Conj           100%       1d8       1%          1
b - Slow                  Hex            20%        N/A       19%         1

Your spell library contained the following spells:

 Spells                   Type           Power      Damage    Failure   Level
 Conjure Flame            Conj/Fire      22%        6-21      14%         3
 Blink                    Tloc           22%        N/A       19%         2
 Call Imp                 Summ           11%        N/A       19%         2
 Mephitic Cloud           Conj/Pois/Air  17%        N/A       22%         3
 Conjure Ball Lightning   Conj/Air       11%        3x3d6     100%        6
 Discord                  Hex            2%         N/A       100%        8
 Disjunction              Tloc           5%         N/A       100%        8


Dungeon Overview and Level Annotations

Branches:
Dungeon (4/15)
 Temple: D:4-7

Altars:
Dithmenos

Shops:
D:2 [:*=

Annotations:
D:3 exclusion: orc priest
D:4 exclusion: black bear


Message History

Aiming: Magic Dart (safe; 1% risk of failure)
Press: ? - help, Shift-Dir - straight line, f/p - iguana
Aim: an iguana (heavily wounded, 100% to hit)
The magic dart hits the iguana but does no damage.
The iguana is heavily wounded.
The iguana bites you but does no damage.
Casting: Magic Dart (safe; 1% risk of failure)
Confirm with . or Enter, or press ? or * to list all spells.
Aiming: Magic Dart (safe; 1% risk of failure)
Press: ? - help, Shift-Dir - straight line, f/p - iguana
Aim: an iguana (heavily wounded, 100% to hit)
The magic dart hits the iguana but does no damage.
The iguana is heavily wounded.
The iguana completely misses you.
Casting: Magic Dart (safe; 1% risk of failure)
Confirm with . or Enter, or press ? or * to list all spells.
Aiming: Magic Dart (safe; 1% risk of failure)
Press: ? - help, Shift-Dir - straight line, f/p - iguana
Aim: an iguana (heavily wounded, 100% to hit)
The magic dart hits the iguana.
The iguana is heavily wounded.
The iguana bites you but does no damage.
Casting: Magic Dart (safe; 1% risk of failure)
Confirm with . or Enter, or press ? or * to list all spells.
Aiming: Magic Dart (safe; 1% risk of failure)
Press: ? - help, Shift-Dir - straight line, f/p - iguana
Aim: an iguana (heavily wounded, 100% to hit)
The magic dart hits the iguana.
The iguana is severely wounded.
The iguana bites you!
* * * LOW HITPOINT WARNING * * *
Casting: Magic Dart (safe; 1% risk of failure)
Confirm with . or Enter, or press ? or * to list all spells.
Aiming: Magic Dart (safe; 1% risk of failure)
Press: ? - help, Shift-Dir - straight line, f/p - iguana
Aim: an iguana (severely wounded, 100% to hit)
The magic dart hits the iguana.
The iguana is almost dead.
The iguana bites you.
You die...

....# #
#...# #.
#...#
#.###...#
.## ...#...#
....##.#...#
##.........#
...=...@...#
######l#.###
#.#.# #.#.#
#.#.# #.#.#
#.#.# #.#.#
#.#


You could see an iguana.

Vanquished Creatures
  Sigmund (D:4)
  4 gnolls
  An adder (D:4)
  A worm (D:2)
  2 dart slugs (D:1)
  4 ball pythons
  5 endoplasms
  3 giant cockroaches
  6 goblins
  6 hobgoblins
  3 jackals (D:1)
  2 quokkas
  5 bats
  A frilled lizard (D:3)
  4 rats
48 creatures vanquished.

Vanquished Creatures (others)
  3 fungi (D:1)
  8 plants (D:1)
11 creatures vanquished.

Grand Total: 59 creatures vanquished

Notes
Turn   | Place    | Note
-------+----------+-------------------------------------------
     0 | D:1      | Nixze the Deep Elf Hedge Wizard began the quest for the
                  | Orb.
     0 | D:1      | Reached XP level 1. HP: 10/10 MP: 7/7
   142 | D:1      | Reached skill level 2 in Conjurations
   248 | D:1      | Reached XP level 2. HP: 15/15 MP: 6/9
   546 | D:1      | Reached skill level 3 in Conjurations
   755 | D:1      | Reached XP level 3. HP: 19/19 MP: 8/10
   924 | D:1      | Found a faded altar of an unknown god.
  1643 | D:1      | Reached skill level 4 in Conjurations
  1893 | D:1      | Learned a level 1 spell: Slow
  2050 | D:2      | Reached XP level 4. HP: 24/24 MP: 6/12
  2099 | D:2      | Found a shadowy altar of Dithmenos.
  2119 | D:2      | Found Tivergho's Jewellery Shoppe.
  2250 | D:2      | Found Meoqoo Bysing's Antique Armour Shop.
  2256 | D:2      | Bought a glowing leather armour for 120 gold pieces
  2299 | D:2      | Found Ovivuij's General Store.
  2442 | D:2      | Found Dookusym's Book Boutique.
  2896 | D:3      | Noticed a phantom
  3442 | D:4      | Noticed a black bear
  3557 | D:4      | Identified the ring "Inlui" {rN+++ rCorr Str-5 Int+6 SInv}
  3597 | D:4      | Noticed Sigmund
  3607 | D:4      | Killed Sigmund
  3608 | D:4      | Reached skill level 6 in Conjurations
  3608 | D:4      | Reached XP level 5. HP: 28/28 MP: 3/13
  3762 | D:4      | Slain by an iguana

Illustrated notes

Levels and vault maps discovered:
D:1:      dpeg_arrival_connections, layout_basic,
          shapermc_ecumenical_altar_mp_ritualfount, serial_forest,
          infiniplex_forest_lined_room_3, infiniplex_forest_lined_room_2,
          infiniplex_forest_lined_3_way, infiniplex_forest_side_room,
          infiniplex_forest_clump_large, infiniplex_forest_lined_corner,
          infiniplex_forest_clump_curved, infiniplex_forest_clump_long,
          grunt_decor_arrowhead, feat_on_display
D:2:      layout_rooms, basic_altar, serial_shops, nicolae_shop_crystal,
          nicolae_shop_overgrown_old_shop, nicolae_shop_behind_doors, shop,
          minmay_pentomino_u2
D:3:      layout_basic, chequers_arboretum, kennysheep_generic_room_11
D:4:      layout_loops_ring, gammafunk_temple_overflow_statue, st_stairs_10,
          guppyfry_shop_venom, uniq_ijyb, uniq_sigmund

Skill      XL: |  1  2  3  4 |
---------------+-------------+-----
Conjurations   | 2 3 4 6 |  6.6
Dodging        | |  2.4
Stealth        | |  2.4
Spellcasting   | |  4.4
Summonings     | |  1.1
Translocations | |  1.1

Action                   |  1- 3 |  4- 6 || total
-------------------------+-------+-------++-------
Melee: Dagger            |    15 |     7 ||    22
 Cast: Magic Dart        |    88 |    40 ||   128
       Slow              |     2 |     2 ||     4
  Use: Potion            |       |     4 ||     4
       Scroll            |       |     2 ||     2
 Stab: Sleeping          |     1 |       ||     1
Armor: Leather armour    |     7 |     3 ||    10
Dodge: Dodged            |    14 |    13 ||    27

Table legend: (Time is in decaauts)
 A = Elapsed time spent in this place.
 B = Non-inter-level travel time spent in this place.
 C = Inter-level travel time spent in this place.
 D = Time resting spent in this place.
 E = Time spent auto-exploring this place.
 F = Levels seen in this place.
 G = Mean time per level.
                   A        B        C        D        E       F      G
               +--------+--------+--------+--------+--------+-----+--------+
         Total |   3760 |   3591 |    169 |    614 |   2524 |   4 |  940.0 |
       Dungeon |   3760 |   3591 |    169 |    614 |   2524 |   4 |  940.0 |
               +--------+--------+--------+--------+--------+-----+--------+

Top non-repeatable levels by time:
     D:1: 1841 daAuts
     D:3: 858 daAuts
     D:2: 724 daAuts
     D:4: 336 daAuts
